 Dungeon Crawl Stone Soup version 0.27.1-2-g3b301248ec (webtiles) character file.

Game seed: 462847662627977790

77 MisterFreud the Charlatan (level 4, -1/38 HPs)
             Began as a Gnoll Wanderer on Sept 26, 2021.
             Slain by a worm (8 damage)
             ... on level 2 of the Dungeon.
             The game lasted 00:03:26 (3234 turns).

MisterFreud the Charlatan (Gnoll Wanderer)          Turns: 3234, Time: 00:03:27

Health: -1/38      AC:  9    Str:  9    XL:     4   Next: 34%
Magic:  5/5        EV:  8    Int: 13    God:
Gold:   138        SH:  0    Dex: 13    Spells: 5/5 levels left

rFire    + . .     SeeInvis .   b - +0 dagger
rCold    . . .     Faith    .   (no shield)
rNeg     . . .     Spirit   .   e - +2 scale mail
rPois    .         Reflect  .   (no helmet)
rElec    .         Harm     .   (no cloak)
rCorr    .         Rampage  .   (no gloves)
Will     .....                  (no boots)
Stlth    +.........             (no amulet)
HPRegen  0.12/turn              k - ring of protection from fire
MPRegen  0.09/turn              (no ring)

@: no status effects
A: fangs 1, strong nose, distributed training
a: no special abilities


You were on level 2 of the Dungeon.
You visited 1 branch of the dungeon, and saw 3 of its levels.

You collected 138 gold pieces.

Inventory:

Hand Weapons
 a - a +0 shortbow
 b - a +0 dagger (weapon)
Missiles
 c - 52 arrows
Armour
 e - a +2 scale mail (worn)
Jewellery
 k - a ring of protection from fire (left hand)
Scrolls
 f - a scroll of magic mapping {unknown}
 g - a scroll of enchant weapon {unknown}
 i - 4 scrolls of identify {unknown}
 l - a scroll of enchant armour {unknown}
Potions
 d - a potion of lignification
 h - a potion of flight {unknown}
 m - a potion of curing {unknown}


   Skills:
 + Level 4.6 Fighting
 + Level 1.1 Short Blades
 + Level 1.1 Long Blades
 + Level 1.1 Axes
 + Level 1.1 Maces & Flails
 + Level 1.1 Polearms
 + Level 1.1 Staves
 + Level 1.1 Slings
 + Level 4.6 Bows
 + Level 1.1 Crossbows
 + Level 1.1 Throwing
 + Level 4.6 Armour
 + Level 1.1 Dodging
 + Level 4.2 Stealth
 + Level 1.1 Shields
 + Level 1.1 Unarmed Combat
 + Level 1.1 Spellcasting
 + Level 0.8 Conjurations
 + Level 0.8 Hexes
 + Level 0.8 Summonings
 + Level 0.8 Necromancy
 + Level 0.8 Translocations
 + Level 0.8 Transmutations
 + Level 0.8 Fire Magic
 + Level 0.8 Ice Magic
 + Level 0.8 Air Magic
 + Level 0.8 Earth Magic
 + Level 0.8 Poison Magic
 + Level 1.2 Invocations
 + Level 4.6 Evocations


You had 5 spell levels left.
You didn't know any spells.
Your spell library contained the following spells:

 Spells                   Type           Power      Damage    Failure   Level
 Animate Skeleton         Necr           6%         N/A       80%         1
 Apportation              Tloc           6%         N/A       80%         1
 Corona                   Hex            3%         N/A       80%         1
 Summon Small Mammal      Summ           12%        N/A       80%         1
 Borgnjor's Revivificati  Necr           1%         N/A       100%        8
 Necromutation            Tmut/Necr      1%         N/A       100%        8
 Death's Door             Necr           1%         N/A       100%        9


Dungeon Overview and Level Annotations

Branches:
Dungeon (3/15)

Altars:


Innate Abilities, Weirdness & Mutations

You have very sharp teeth.
Your uncanny sense of smell can sniff out nearby items.
Your experience applies equally to all skills.


Message History

You hit the worm but do no damage. You bite the worm, but do no damage.
The worm is severely wounded.
You hit the worm.
The worm is severely wounded.
The worm bites you.
* * * LOW HITPOINT WARNING * * *
There is an escape hatch in the floor here.
j - 2 poisoned darts You see here a +0 spear.
j - 4 poisoned darts (gained 2) Throw: 4 darts (poison)
Press: ? - help, Q - select action Shift-Dir - straight line, f/p - worm
Aim: a worm (78% to hit)
You throw a poisoned dart. The poisoned dart hits the worm.
The worm is poisoned.
Throw: 3 darts (poison)
Press: ? - help, Q - select action Shift-Dir - straight line, f/p - worm
Aim: a worm (poisoned, 78% to hit)
You throw a poisoned dart. The poisoned dart hits the worm.
The worm looks even sicker.
Unknown command.
Throw: 2 darts (poison)
Press: ? - help, Q - select action Shift-Dir - straight line, f/p - worm
Aim: a worm (very poisoned, 78% to hit)
You throw a poisoned dart. The poisoned dart hits the worm.
The worm looks even sicker.
Throw: dart (poison)
Press: ? - help, Q - select action Shift-Dir - straight line, f/p - worm
Aim: a worm (very poisoned, 77% to hit)
You throw a poisoned dart. The poisoned dart hits the worm.
The worm looks as sick as possible!
You are too injured to fight recklessly!
You are too injured to fight recklessly!
You are too injured to fight recklessly!
You hit the worm but do no damage.
The worm is heavily wounded.
You hit the worm.
The worm is severely wounded.
The worm bites you!
You die...

#########.#.###.#
#.##.....#
................#
#.#....#.#
.########..(#####
#.#.#..#.# ###.(####
#.#.#..#.# #..)(...#
#.#.#..... #.......#
#.#.##.#.# ####
#.......# #.#.##.#..
...# #....w..#
#.#.##.### ##.#
#....@..#####.#.##.#
#.#
#....>........#....#
#.#
#.......############
#.# #.......# #.#
######### #.# ##.#
...# ####


You could see a worm (very poisoned).

Vanquished Creatures
  2 adders (D:2)
  3 dart slugs (D:1)
  6 endoplasms
  4 giant cockroaches
  4 goblins
  4 hobgoblins
  4 quokkas
  4 ball pythons
  A bat (D:1)
  4 frilled lizards
  9 kobolds
  6 rats
51 creatures vanquished.

Notes
Turn   | Place    | Note
-------+----------+-------------------------------------------
     0 | D:1      | MisterFreud the Gnoll Wanderer began the quest for the Orb.
     0 | D:1      | MisterFreud set off with the following items: a +0
                  | shortbow, a +2 scale mail, 27 arrows, a potion of
                  | lignification, a +0 dagger
     0 | D:1      | Reached XP level 1. HP: 20/20 MP: 1/1
   316 | D:1      | Reached XP level 2. HP: 19/26 MP: 2/2
   993 | D:1      | Reached XP level 3. HP: 31/31 MP: 3/3
  1520 | D:1      | Reached skill level 1 in Invocations
  2335 | D:2      | Reached skill level 1 in Short Blades
  2335 | D:2      | Reached skill level 1 in Long Blades
  2335 | D:2      | Reached skill level 1 in Axes
  2335 | D:2      | Reached skill level 1 in Maces & Flails
  2335 | D:2      | Reached skill level 1 in Polearms
  2335 | D:2      | Reached skill level 1 in Staves
  2335 | D:2      | Reached skill level 1 in Slings
  2335 | D:2      | Reached skill level 1 in Crossbows
  2335 | D:2      | Reached skill level 1 in Throwing
  2335 | D:2      | Reached skill level 1 in Dodging
  2335 | D:2      | Reached skill level 1 in Shields
  2335 | D:2      | Reached skill level 1 in Unarmed Combat
  2335 | D:2      | Reached skill level 1 in Spellcasting
  2341 | D:2      | Reached XP level 4. HP: 26/38 MP: 5/5
  3234 | D:2      | Slain by a worm

Illustrated notes

Levels and vault maps discovered:
D:1:      tarquinn_simple_flora_water_b, layout_basic, st_stairs_10
D:2:      layout_basic, minivault_24, dk_noncrumbling_3
D:3:      layout_loops_corners, overflow_temple_1_default,
          chequers_ecumenical_altar_grove, uniq_natasha, uniq_robin

Skill      XL: |  1  2  3 |
---------------+----------+-----
Invocations    | 1 |  1.2
Short Blades   | 1 |  1.1
Long Blades    | 1 |  1.1
Axes           | 1 |  1.1
Maces & Flails | 1 |  1.1
Polearms       | 1 |  1.1
Staves         | 1 |  1.1
Slings         | 1 |  1.1
Crossbows      | 1 |  1.1
Throwing       | 1 |  1.1
Dodging        | 1 |  1.1
Shields        | 1 |  1.1
Unarmed Combat | 1 |  1.1
Spellcasting   | 1 |  1.1
Fighting       | |  4.6
Bows           | |  4.6
Armour         | |  4.6
Stealth        | |  4.2
Conjurations   | |  0.8
Hexes          | |  0.8
Summonings     | |  0.8
Necromancy     | |  0.8
Translocations | |  0.8
Transmutations | |  0.8
Fire Magic     | |  0.8
Ice Magic      | |  0.8
Air Magic      | |  0.8
Earth Magic    | |  0.8
Poison Magic   | |  0.8
Evocations     | |  4.6

Action                   |  1- 3 |  4- 6 || total
-------------------------+-------+-------++-------
Melee: Dagger            |   292 |   192 ||   484
       Bite              |    24 |    15 ||    39
       Punch             |       |     1 ||     1
 Fire: Shortbow          |     2 |       ||     2
Throw: Dart              |       |     9 ||     9
 Stab: Sleeping          |     2 |       ||     2
Armor: Scale mail        |   133 |    75 ||   208
Dodge: Dodged            |   109 |    62 ||   171
